AoeStats
← I'm AOE2 Noob

Nomad

505439295Analyzed
4v4 RM · 23d ago on Sep 9, 2026· 47m 31s· 8 players
Game mode
Random Map
Map size
231×231
Population
200
Speed
Normal
Resources
Standard
Victory
Conquest
Starting age
Dark Age
Ending age
Imperial Age
RankedLock teamsTeams togetherTeam positionsShared explorationLock speedFull tech treeHidden civsTurbo modeCheats
Victory
Defeat
🇫🇷 Chinese · France
1728
+13
🇮🇹 Bohemians · Italy
1713
+14
🇨🇳 Malians · China
1634
+17
1500
+23
🇨🇳 Vietnamese · China
1719
-19
🇨🇳 Koreans · China
1709
-19
🇨🇳 Mapuche · China
1624
-15
🇨🇳 Jurchens · China
1588
-14
jakco
14:28 Feudal Age
14:59 Fishing Lines
15:06 Double-Bit Axe
18:20 Castle Age
18:11 Forging
19:14 Medium Warships
19:26 Bow Saw
25:27 Horse Collar
28:11 Heavy Plow
28:02 Loom
31:40 Wheelbarrow
30:51 Town Watch
37:40 Imperial Age
37:16 Chemistry
38:21 Elite Hussite Wagon
41:22 Houfnice
43:07 Siege Engineers
45:23 Wagenburg Tactics
~mg
6:07 Loom
13:57 Feudal Age
17:34 Castle Age
15:47 Horse Collar
16:49 Double-Bit Axe
17:10 Scale Barding Armor
17:24 Bloodlines
26:28 Husbandry
28:19 Heavy Plow
28:54 Wheelbarrow
28:31 Bow Saw
28:48 Town Watch
29:20 Gold Mining
30:38 Ballistics
33:50 Gold Shaft Mining
33:10 Stone Mining
37:30 Imperial Age
34:47 Town Watch
35:55 Chain Barding Armor
35:45 Forging
36:44 Forging
36:49 Town Patrol
37:03 Fletching
38:38 Iron Casting
38:22 Hand Cart
38:39 Conscription
37:41 Heavy Camel Rider
39:43 Chemistry
38:48 Cavalier
39:34 Farimba
41:28 Plate Barding Armor
42:47 Light Cavalry
44:00 Elite Gbeto
44:52 Scale Mail Armor
45:15 Masonry
47:17 Chain Mail Armor
唯我无言道君 衣不染尘
14:12 Feudal Age
17:45 Castle Age
16:10 Double-Bit Axe
17:07 Fishing Lines
19:07 Medium Warships
20:05 Fletching
22:15 Bow Saw
25:53 Loom
35:49 Imperial Age
33:36 Horse Collar
34:18 Gold Mining
35:29 Crossbowman
36:21 Thumb Ring
37:11 Conscription
38:47 Bodkin Arrow
39:47 Ballistics
39:59 Bracer
39:59 Padded Archer Armor
41:22 Husbandry
43:25 Leather Archer Armor
44:15 Chemistry
45:18 Wheelbarrow
45:19 Medical Corps
48:51 Two-Man Saw
新手玩家
2:59 Loom
14:49 Feudal Age
15:48 Double-Bit Axe
18:39 Castle Age
16:29 Fishing Lines
19:33 Wheelbarrow
18:44 Light Cavalry
19:31 Scale Barding Armor
19:48 Bow Saw
19:52 Gillnets
20:52 Chain Barding Armor
21:40 Gold Mining
21:40 Stone Mining
22:25 Forging
24:32 Bloodlines
24:23 Husbandry
24:21 Town Watch
25:56 Gold Shaft Mining
26:47 Hand Cart
27:52 Medium Warships
30:41 Imperial Age
29:44 Stone Shaft Mining
29:53 Fletching
31:02 Iron Casting
30:50 Clinker Construction
30:48 Bodkin Arrow
30:53 Padded Archer Armor
31:35 Bracer
31:57 Conscription
32:07 Heavy Warships
32:25 Leather Archer Armor
32:45 Plate Barding Armor
33:14 Blast Furnace
33:08 Ballistics
33:48 Chemistry
33:08 Careening
33:37 Thumb Ring
34:16 Ring Archer Armor
35:37 Two-Man Saw
34:25 Elite Chu Ko Nu
35:43 Horse Collar
36:12 Great Wall
36:49 Bombard Tower
36:25 Murder Holes
37:57 Masonry
38:54 Coinage
38:25 Caravan
39:58 Banking
40:02 Architecture
39:53 Dry Dock
39:58 Shipwright
40:11 Architecture
45:10 Fortified Wall
44:46 Arrowslits
44:53 Heated Shot
44:53 Guard Tower
45:57 Town Patrol
47:49 Keep
47:35 Dry Dock
47:20 Siphons
47:39 Rocketry
慕华花繁
4:50 Loom
14:44 Feudal Age
18:18 Castle Age
16:06 Fishing Lines
17:16 Double-Bit Axe
19:24 Medium Warships
20:08 Forging
26:43 Horse Collar
27:47 Bow Saw
27:38 Heavy Plow
29:47 Gold Mining
29:47 Stone Mining
32:29 Gold Shaft Mining
31:44 Stone Mining
33:06 Wheelbarrow
32:16 Town Watch
36:13 Imperial Age
34:55 Stone Shaft Mining
34:11 Fletching
34:49 Bodkin Arrow
35:11 Treadmill Crane
35:52 Ballistics
36:06 Hand Cart
36:29 Murder Holes
36:44 Eupseong
37:06 Bracer
38:19 Chemistry
39:22 Siege Engineers
39:39 Conscription
39:32 Arrowslits
39:58 Masonry
40:40 Scale Mail Armor
40:18 Pikeman
41:36 Iron Casting
41:09 Squires
41:16 Halberdier
42:19 Chain Mail Armor
42:57 Architecture
44:20 Plate Mail Armor
44:11 Guilds
43:51 Heavy Rocket Cart
44:21 Heavy Rocket Cart
45:29 Shinkichon
I'm AOE2 Noob
14:57 Feudal Age
15:32 Double-Bit Axe
18:23 Castle Age
16:39 Fishing Lines
16:53 Fletching
17:39 Loom
18:09 Gold Mining
19:09 Bodkin Arrow
19:07 Gillnets
19:43 Bow Saw
22:17 Town Watch
25:32 Ballistics
25:53 Gold Shaft Mining
24:58 Horse Collar
25:57 Gold Shaft Mining
25:12 Stone Mining
30:44 Stone Shaft Mining
35:03 Imperial Age
35:27 Wheelbarrow
35:23 Malon
36:07 Padded Archer Armor
36:16 Elite Kona
37:24 Elite Kona
38:21 Siege Engineers
39:17 Chemistry
38:04 Elite Bolas Rider
40:33 Butalmapu
40:52 Conscription
41:12 Hand Cart
42:26 Leather Archer Armor
43:48 Ring Archer Armor
TS-精锐狐狐
5:29 Loom
15:13 Feudal Age
18:57 Castle Age
17:31 Double-Bit Axe
17:55 Fletching
20:02 Bodkin Arrow
20:09 Padded Archer Armor
29:23 Horse Collar
31:49 Scale Mail Armor
37:20 Bow Saw
Izumi Yuki
4:50 Loom
13:36 Feudal Age
18:02 Castle Age
16:01 Double-Bit Axe
18:23 Town Watch
20:19 Siege Engineers
24:04 Wheelbarrow
34:41 Horse Collar
46:27 Imperial Age
45:45 Squires
45:31 Arson
45:49 Scale Mail Armor
45:59 Forging
46:49 Chain Mail Armor
Connection lost

Rejoining the realm…

Still unreachable

The connection could not be restored.

Session expired

The server has moved on; the page needs a fresh start.